[Event "Reykjavik Open 2025"]
[Site "Reykjavik, Iceland"]
[Date "2025.04.12"]
[Round "5.1"]
[White "Muradli, Mahammad"]
[Black "Gupta, Abhijeet"]
[Result "1-0"]
[WhiteElo "2588"]
[WhiteTitle "GM"]
[WhiteFideId "13409301"]
[BlackElo "2576"]
[BlackTitle "GM"]
[BlackFideId "5010608"]
[TimeControl "90+30 +30 after 40 moves"]
[Variant "Standard"]
[ECO "D90"]
[Opening "Grünfeld Defense: Three Knights Variation"]
[StudyName "Round 5"]
1. d4 Nf6 2. c4 g6 3. Nc3 d5 4. Nf3 Bg7 5. h4 c6 6. cxd5 cxd5 7. Bf4 Nc6 8. e3 O-O 9. Qb3 a6 10. Rc1 Re8 11. Ne5 Na5 12. Qa3 Bf5 13. Be2 Rc8 14. Qb4 Bf8 15. O-O Nd7 16. Rfd1 f6 17. Nxd7 Bxd7 18. Nxd5 Rxc1 19. Rxc1 Bc6 20. Rc5 Bxd5 21. Bc7 Qd7 22. Qxa5 e6 23. Rc3 Rc8 24. a3 Be7 25. Bg3 f5 26. h5 g5 27. Be5 Kf7 28. g4 Bd8 29. Qb4 Be7 30. Qb6 fxg4 31. Rc7 Rxc7 32. Qxc7 Qxc7 33. Bxc7 Bf3 34. Bxf3 gxf3 35. Kh2 Kf6 36. e4 g4 37. Bf4 e5 38. dxe5+ Ke6 39. Kg3 Bc5 40. a4 b5 41. b3 Bd4 42. Kxg4 Bxf2 43. Kxf3 Bc5 44. Ke2 Bd4 45. Kd3 Bb2 46. Bg3 Ba1 47. Bh2 Bb2 48. Bg3 Ba1 49. Ke3 Bc3 50. Kf3 Bb4 51. Kg4 Be7 52. Bh2 Bd8 53. Bg3 Be7 54. Kf4 Bd8 55. Bf2 Ba5 56. Bg3 Bd8 57. Bf2 Ba5 58. Be3 Bc3 59. axb5 axb5 60. Kg5 Kxe5 61. Kh6 Kxe4 62. Bc5 b4 63. Kxh7 Kd3 64. Kg6 Kc2 65. h6 Kxb3 66. Bf8 1-0

[Event "Reykjavik Open 2025"]
[Site "Reykjavik, Iceland"]
[Date "2025.04.12"]
[Round "5.2"]
[White "Jacobson, Brandon"]
[Black "Maghsoodloo, Parham"]
[Result "0-1"]
[WhiteElo "2570"]
[WhiteTitle "GM"]
[WhiteFideId "30901561"]
[BlackElo "2684"]
[BlackTitle "GM"]
[BlackFideId "12539929"]
[TimeControl "90+30 +30 after 40 moves"]
[Variant "Standard"]
[ECO "B92"]
[Opening "Sicilian Defense: Najdorf Variation, Opocensky Variation"]
[StudyName "Round 5"]
1. e4 c5 2. Nf3 d6 3. d4 cxd4 4. Nxd4 Nf6 5. Nc3 a6 6. Be2 e5 7. Nb3 Be7 8. Be3 Be6 9. f4 b5 10. f5 Bd7 11. a3 Bc6 12. Bf3 a5 13. Qd3 Qd7 14. O-O O-O 15. Rfd1 Qb7 16. g4 h6 17. h4 Nh7 18. Bf2 Nd7 19. Nd5 Bd8 20. Nd2 Nc5 21. Qe2 Rc8 22. b3 Bxd5 23. exd5 e4 24. Bg2 Re8 25. Bxc5 Rxc5 26. Nxe4 Rc8 27. Kh1 Bxh4 28. Rd3 Qe7 29. Re3 Bg5 30. Rh3 Nf6 31. Re1 Nxd5 32. Qxb5 Nc7 33. Qc6 d5 34. Rc3 Qf8 35. Qb7 Bf4 36. Rf3 Bg5 37. Rc3 Bf4 38. Rf3 Bd6 39. Nxd6 Rxe1+ 40. Bf1 Rd8 0-1

[Event "Reykjavik Open 2025"]
[Site "Reykjavik, Iceland"]
[Date "2025.04.12"]
[Round "5.3"]
[White "Royal, Shreyas"]
[Black "Ivic, Velimir"]
[Result "1/2-1/2"]
[WhiteElo "2465"]
[WhiteTitle "GM"]
[WhiteFideId "448869"]
[BlackElo "2623"]
[BlackTitle "GM"]
[BlackFideId "950122"]
[TimeControl "90+30 +30 after 40 moves"]
[Variant "Standard"]
[ECO "B07"]
[Opening "Pirc Defense"]
[StudyName "Round 5"]
1. d4 d6 2. e4 Nf6 3. Nc3 g6 4. Be3 Bg7 5. Qd2 c6 6. f3 b5 7. h4 h5 8. Nh3 Nbd7 9. Ng5 Nb6 10. Bd3 e5 11. O-O-O exd4 12. Bxd4 b4 13. Ne2 O-O 14. b3 a5 15. Bb2 a4 16. Qxb4 axb3 17. axb3 Ra2 18. Qe1 Rxb2 19. Kxb2 Nxe4+ 20. c3 Nxg5 21. hxg5 Qxg5 22. Qf2 c5 23. Qh4 Qe5 24. Qe4 Qf6 25. Qc6 d5 26. Qxc5 Bd7 27. Nd4 Rc8 28. Qa5 Ra8 29. Qc5 Bf8 30. Qc7 Bd6 31. Qb7 Rb8 32. Qa7 Ra8 33. Qb7 Be5 34. Ra1 Rb8 35. Qa7 Rc8 36. Ra6 Bxd4 37. cxd4 Qxd4+ 38. Ka2 Qxd3 39. Qxb6 Qd2+ 40. Ka3 Rc2 41. Ra1 Rc8 42. Qb7 Be6 43. Ra8 Qc3 44. Rb1 Qc5+ 45. Ka2 d4 46. Rxc8+ Bxc8 47. Qa8 d3 48. Qa3 Qg5 49. Qd6 Qd2+ 50. Ka3 Qa5+ 51. Kb2 Qd2+ 52. Ka3 Be6 53. Qd4 Qa5+ 54. Kb2 Qd2+ 55. Ka3 Qxg2 56. Qxd3 Bf5 57. Qd8+ Kh7 58. Re1 Qxf3 59. Re8 Qc3 60. Qd6 Be6 61. Rb8 h4 62. Qd8 Qc5+ 63. Ka4 g5 64. Rb5 Qa7+ 65. Kb4 Qe3 66. Qxg5 Qxg5 67. Rxg5 Kh6 68. Rg8 h3 69. Kc3 Kh5 70. Kd4 Bxb3 71. Ke3 Be6 72. Ke4 1/2-1/2

[Event "Reykjavik Open 2025"]
[Site "Reykjavik, Iceland"]
[Date "2025.04.12"]
[Round "5.10"]
[White "Sokolovsky, Yahli"]
[Black "Heimisson, Hilmir Freyr"]
[Result "1-0"]
[WhiteElo "2546"]
[WhiteTitle "GM"]
[WhiteFideId "2820242"]
[BlackElo "2376"]
[BlackTitle "IM"]
[BlackFideId "2309998"]
[TimeControl "90+30 +30 after 40 moves"]
[Variant "Standard"]
[ECO "C65"]
[Opening "Ruy Lopez: Berlin Defense"]
[StudyName "Round 5"]
1. e4 e5 2. Nf3 Nc6 3. Bb5 Nf6 4. d3 Bc5 5. c3 d5 6. exd5 Qxd5 7. Bc4 Qd6 8. b4 Bb6 9. Nbd2 Bf5 10. Ng5 O-O 11. Nde4 Nxe4 12. dxe4 Qxd1+ 13. Kxd1 Bg4+ 14. Kc2 h6 15. Nf3 Bxf2 16. Rf1 Bxf3 17. gxf3 Bh4 18. Rg1 Kh7 19. Rd1 Be7 20. Rd7 Bd6 21. Be3 Rad8 22. Rxd8 Rxd8 23. Bd5 a6 24. Rb1 Ra8 25. Bxc6 bxc6 26. c4 f5 27. c5 Be7 28. Rd1 fxe4 29. Rd7 Bg5 30. Bxg5 hxg5 31. fxe4 a5 32. a4 Rb8 33. bxa5 Rb4 34. Rxc7 Rxa4 35. Kb3 Rxa5 36. Rxc6 Ra1 37. Re6 Rh1 38. c6 Rc1 39. Kb4 g4 40. Kb5 Rc2 41. Rxe5 Kg6 42. Rc5 Rxh2 43. c7 Rh8 44. c8=Q Rxc8 45. Rxc8 Kg5 46. Rc1 1-0

[Event "Reykjavik Open 2025"]
[Site "Reykjavik, Iceland"]
[Date "2025.04.12"]
[Round "5.13"]
[White "Akesson, Ralf"]
[Black "Zierk, Steven"]
[Result "1/2-1/2"]
[WhiteElo "2361"]
[WhiteTitle "GM"]
[WhiteFideId "1700120"]
[BlackElo "2501"]
[BlackTitle "GM"]
[BlackFideId "2034255"]
[TimeControl "90+30 +30 after 40 moves"]
[Variant "Standard"]
[ECO "E04"]
[Opening "Catalan Opening: Open Defense"]
[StudyName "Round 5"]
1. Nf3 d5 2. d4 Nf6 3. c4 e6 4. g3 dxc4 5. Bg2 a6 6. O-O Nc6 7. e3 Bd7 8. Qe2 b5 9. b3 cxb3 10. axb3 Bd6 11. Bb2 O-O 12. Rc1 Nb4 13. Ne1 Ra7 14. e4 Be7 15. Nc3 Bc6 16. Na2 Nxa2 17. Rxa2 Bb7 18. Nd3 Nd7 19. Bc3 Qb8 20. d5 exd5 21. Bxg7 Kxg7 22. Qg4+ Kh8 23. Qxd7 Bg5 24. Rxc7 Bc6 25. Qxc6 Qxc7 26. Qxd5 Qd8 27. Ne5 Qxd5 28. exd5 Re8 29. f4 Bf6 30. Nc6 Raa8 31. d6 Re1+ 32. Kf2 Rd1 33. d7 Kg7 34. Bh3 Rd6 35. Na5 Ra7 36. Rc2 Bd8 37. b4 Rc7 38. Re2 Rc1 39. Bf5 Kf6 40. g4 Rc3 41. Nb7 Bb6+ 42. Kg2 Rd1 43. h3 h5 44. Ra2 h4 45. Nc5 Kg7 46. Ne4 Rg1+ 47. Kh2 Rcc1 48. Nc5 Rgd1 49. Kg2 a5 50. Nd3 Rg1+ 51. Kf3 Rc4 52. bxa5 Rg3+ 53. Ke2 Rg2+ 54. Kf3 Rg3+ 55. Ke2 Rg2+ 56. Kf3 Rxa2 57. axb6 Ra8 58. Ne5 Rc3+ 59. Ke4 f6 60. Kd4 Rc1 61. Nd3 Rc4+ 62. Kd5 Kf8 63. b7 Rb8 64. Kd6 b4 65. Kd5 Rc7 66. Nxb4 Rxd7+ 67. Bxd7 Rxb7 68. Ke6 Rxb4 69. Kxf6 Rd4 70. Bf5 Rxf4 71. Kg5 Rf3 72. Kxh4 Kg7 73. Bd7 1/2-1/2

[Event "Reykjavik Open 2025"]
[Site "Reykjavik, Iceland"]
[Date "2025.04.12"]
[Round "5.14"]
[White "Draskovic, Luka"]
[Black "Papadiamandis, Elliot"]
[Result "1-0"]
[WhiteElo "2488"]
[WhiteTitle "GM"]
[WhiteFideId "944335"]
[BlackElo "2315"]
[BlackTitle "IM"]
[BlackFideId "36074160"]
[TimeControl "90+30 +30 after 40 moves"]
[Variant "Standard"]
[ECO "B51"]
[Opening "Sicilian Defense: Moscow Variation"]
[StudyName "Round 5"]
1. e4 c5 2. Nf3 d6 3. Bb5+ Nd7 4. O-O a6 5. Be2 Ngf6 6. d3 g6 7. c4 b5 8. cxb5 axb5 9. d4 Nxe4 10. Bxb5 Bb7 11. dxc5 Nxc5 12. b4 Ne6 13. Bb2 Bg7 14. Bxg7 Nxg7 15. a4 O-O 16. Nc3 Ne6 17. Re1 Nf6 18. Nd4 Nxd4 19. Qxd4 e5 20. Qd2 Qe7 21. a5 Rac8 22. Bf1 d5 23. Na4 Ne4 24. Qb2 d4 25. a6 Bc6 26. b5 Rb8 27. Qc2 Bd5 28. Rxe4 Rfc8 29. Qb1 Bxe4 30. Qxe4 f5 31. Qd5+ Kg7 32. b6 Rd8 33. a7 1-0

[Event "Reykjavik Open 2025"]
[Site "Reykjavik, Iceland"]
[Date "2025.04.12"]
[Round "5.24"]
[White "Vogt, Lothar"]
[Black "Kirk, Ezra"]
[Result "0-1"]
[WhiteElo "2229"]
[WhiteTitle "GM"]
[WhiteFideId "4611292"]
[BlackElo "2394"]
[BlackTitle "IM"]
[BlackFideId "600067"]
[TimeControl "90+30 +30 after 40 moves"]
[Variant "Standard"]
[ECO "B22"]
[Opening "Sicilian Defense: Alapin Variation"]
[StudyName "Round 5"]
1. e4 c5 2. c3 Nf6 3. e5 Nd5 4. Nf3 d6 5. exd6 e6 6. d4 cxd4 7. cxd4 Bxd6 8. Nc3 O-O 9. Bd3 Nxc3 10. bxc3 Nd7 11. O-O b6 12. c4 Bb7 13. Bb2 Qf6 14. Re1 Bxf3 15. Qxf3 Qxf3 16. gxf3 Rac8 17. a4 Bb4 18. Red1 Rfd8 19. Kf1 a5 20. Ke2 Be7 21. Rab1 Bf6 22. f4 g6 23. Ke3 Nb8 24. Be2 Nc6 25. d5 Bxb2 26. dxc6 Ba3 27. Bf3 Kf8 28. Rd7 Rxd7 29. cxd7 Rd8 30. Bc6 Ke7 31. f3 Bc5+ 32. Ke4 h5 33. h3 h4 34. Rb2 Rh8 35. Rg2 Kd6 36. Bb5 Kc7 37. Rd2 Kd8 38. Rg2 Be7 39. Rd2 Rh5 40. Rd4 Bc5 41. Rd2 Rf5 42. Bc6 Bf8 43. Rb2 Bb4 44. Rb1 Bc5 45. Rd1 g5 46. fxg5 Rxg5 47. Rd2 Be7 48. Bb5 Rg3 49. Rh2 Bd6 50. Rh1 f5+ 51. Ke3 e5 52. Ke2 Bc5 53. Bc6 Rg6 54. Bb5 Rg2+ 55. Kd1 Be3 56. Ke1 Rc2 57. Rf1 Rh2 58. c5 bxc5 59. Bd3 Kxd7 60. Bxf5+ Kd6 61. Kd1 Rd2+ 62. Ke1 Ra2 63. Kd1 Rxa4 64. Ke2 Bd4 65. Rb1 Rb4 66. Rxb4 cxb4 67. Kd3 Kd5 0-1

[Event "Reykjavik Open 2025"]
[Site "Reykjavik, Iceland"]
[Date "2025.04.12"]
[Round "5.34"]
[White "Saine, Zachary"]
[Black "Khaledi, Omid"]
[Result "1/2-1/2"]
[WhiteElo "2019"]
[WhiteFideId "2624346"]
[BlackElo "2228"]
[BlackFideId "22514635"]
[TimeControl "90+30 +30 after 40 moves"]
[Variant "Standard"]
[ECO "B40"]
[Opening "Sicilian Defense: Four Knights Variation, Exchange Variation"]
[StudyName "Round 5"]
1. e4 c5 2. Nf3 e6 3. d4 cxd4 4. Nxd4 Nf6 5. Nc3 Nc6 6. Nxc6 bxc6 7. e5 Nd5 8. Ne4 Qc7 9. f4 Qb6 10. c4 Bb4+ 11. Ke2 Ba6 12. Kf3 f5 13. exf6 Nxf6 14. c5 Bxc5 15. Nxc5 Bxf1 16. Na4 Qb5 17. Rxf1 Qh5+ 18. Kf2 Ng4+ 19. Ke1 O-O 20. h3 Qh4+ 21. Ke2 Nh2 22. Rh1 e5 23. f5 Rxf5 24. Be3 Raf8 25. Qb3+ d5 26. Rae1 Qe4 27. Rxh2 Rf2+ 28. Kd1 Qb1+ 29. Bc1 R8f4 30. Qb8+ Rf8 31. Qb3 R8f4 32. Qb8+ Rf8 33. Qb3 h6 34. Nc5 R8f4 1/2-1/2

[Event "Reykjavik Open 2025"]
[Site "Reykjavik, Iceland"]
[Date "2025.04.13"]
[Round "6.1"]
[White "Maghsoodloo, Parham"]
[Black "Muradli, Mahammad"]
[Result "1-0"]
[WhiteElo "2684"]
[WhiteTitle "GM"]
[WhiteFideId "12539929"]
[BlackElo "2588"]
[BlackTitle "GM"]
[BlackFideId "13409301"]
[TimeControl "90+30 +30 after 40 moves"]
[Variant "Standard"]
[ECO "B90"]
[Opening "Sicilian Defense: Najdorf Variation, English Attack"]
[StudyName "Round 6"]
1. e4 c5 2. Nf3 d6 3. d4 cxd4 4. Nxd4 Nf6 5. Nc3 a6 6. Be3 e5 7. Nf3 Be7 8. Bc4 O-O 9. Bb3 Nc6 10. Qe2 Na5 11. Bg5 Nxb3 12. axb3 Ne8 13. Bxe7 Qxe7 14. Nd5 Qd8 15. O-O f5 16. Rfd1 f4 17. c4 Bg4 18. h3 Bh5 19. b4 Kh8 20. c5 Rc8 21. Ra3 Rc6 22. Rad3 g5 23. b3 Qd7 24. cxd6 Rxd6 25. Qb2 Qg7 26. Rc1 Re6 27. Rc8 g4 28. hxg4 Bxg4 29. Nh2 Bh5 30. f3 Rg8 31. Rd2 Rg6 32. Nc7 Nd6 33. Rxg8+ Kxg8 34. Qc2 h6 35. Qc5 Kh7 36. Ne6 Rxe6 37. Rxd6 Rg6 38. Rxg6 Kxg6 39. Nf1 Kh7 40. Nd2 Bf7 41. Qb6 Bg8 42. Nc4 Bxc4 43. bxc4 Qe7 44. Qa5 Qd6 45. Kh2 Qe7 46. Qa1 Kg6 47. c5 Qh4+ 48. Kg1 Kf7 49. Qc3 h5 50. Qa1 Kg6 51. Qd1 Qe7 52. Qd5 Kg5 53. Qg8+ Kh4 54. Qg6 Qg5 55. Qf7 Qd8 56. Qg7 Qg5 57. Qxb7 a5 58. Qd7 1-0

[Event "Reykjavik Open 2025"]
[Site "Reykjavik, Iceland"]
[Date "2025.04.13"]
[Round "6.6"]
[White "Gorshtein, Ido"]
[Black "Garifullina, Leya"]
[Result "1/2-1/2"]
[WhiteElo "2557"]
[WhiteTitle "GM"]
[WhiteFideId "2815532"]
[BlackElo "2459"]
[BlackTitle "IM"]
[BlackFideId "34127035"]
[TimeControl "90+30 +30 after 40 moves"]
[Variant "Standard"]
[ECO "A20"]
[Opening "English Opening: King's English Variation"]
[StudyName "Round 6"]
1. c4 e5 2. g3 c6 3. d4 e4 4. a3 d5 5. Nc3 Be7 6. Bg2 Nf6 7. f3 exf3 8. Nxf3 O-O 9. O-O dxc4 10. e4 Bg4 11. Be3 Nbd7 12. h3 Bxf3 13. Qxf3 Ne8 14. h4 Nc7 15. Rad1 Qe8 16. Kh1 Rd8 17. Qg4 Kh8 18. h5 c5 19. h6 g6 20. e5 cxd4 21. e6 Nxe6 22. Bxd4+ Nxd4 23. Qxd4+ f6 24. Rde1 g5 25. Bd5 Bc5 26. Qxc4 Qh5+ 27. Kg2 b6 28. Rh1 Qg6 29. Be4 Ne5 30. Qe2 f5 31. Bf3 Rfe8 32. Rd1 Rxd1 33. Qxd1 g4 34. Bd5 f4 35. gxf4 Nd3 36. Rf1 Re3 37. Be4 Qh5 38. Rh1 Nxf4+ 39. Kf1 Rd3 40. Rxh5 Rxd1+ 41. Nxd1 Nxh5 42. Kg2 Bd4 43. Bf5 Nf6 44. Nf2 Bxf2 45. Kxf2 Ng8 46. Bxg4 Nxh6 47. Bh3 Kg7 48. Ke3 Kf6 49. Ke4 Nf7 50. Kd5 Ne5 51. Bf1 h5 52. Kd6 h4 53. Kc7 Nf3 54. Kb7 Nd2 55. Bh3 Nc4 56. Kxa7 Nxb2 57. Bf1 Ke5 1/2-1/2

[Event "Reykjavik Open 2025"]
[Site "Reykjavik, Iceland"]
[Date "2025.04.13"]
[Round "6.9"]
[White "Papp, Gabor"]
[Black "Prraneeth Vuppala"]
[Result "1/2-1/2"]
[WhiteElo "2502"]
[WhiteTitle "GM"]
[WhiteFideId "718602"]
[BlackElo "2433"]
[BlackTitle "GM"]
[BlackFideId "46622373"]
[TimeControl "90+30 +30 after 40 moves"]
[Variant "Standard"]
[ECO "B56"]
[Opening "Sicilian Defense: Venice Attack"]
[StudyName "Round 6"]
1. e4 c5 2. Nf3 d6 3. d4 cxd4 4. Nxd4 Nf6 5. Nc3 e5 6. Bb5+ Nbd7 7. Nf5 a6 8. Ba4 b5 9. Bb3 Nc5 10. Bg5 Bxf5 11. exf5 Be7 12. Bxf6 Bxf6 13. Qf3 e4 14. Nxe4 Bxb2 15. Nxd6+ Qxd6 16. Qxa8+ Kd7 17. Qa7+ Kc6 18. O-O Bxa1 19. Rxa1 Rd8 20. c4 b4 21. Re1 Qd7 22. Ba4+ Nxa4 23. Qxa6+ Nb6 24. c5 Qb7 25. Qxb7+ Kxb7 26. cxb6 Rd2 27. g4 Rxa2 28. Re4 Ra4 29. g5 f6 30. g6 hxg6 31. fxg6 Kxb6 32. Kg2 Kc6 33. h4 Kd6 34. h5 Ra5 35. Rxb4 Ke5 1/2-1/2

[Event "Reykjavik Open 2025"]
[Site "Reykjavik, Iceland"]
[Date "2025.04.13"]
[Round "6.18"]
[White "Xu, Yuanyuan"]
[Black "Sivuk, Vitaly"]
[Result "0-1"]
[WhiteElo "2288"]
[WhiteTitle "WGM"]
[WhiteFideId "8601089"]
[BlackElo "2505"]
[BlackTitle "GM"]
[BlackFideId "14116502"]
[TimeControl "90+30 +30 after 40 moves"]
[Variant "Standard"]
[ECO "E46"]
[Opening "Nimzo-Indian Defense: Reshevsky Variation"]
[StudyName "Round 6"]
1. d4 Nf6 2. c4 e6 3. Nc3 Bb4 4. e3 O-O 5. Ne2 Re8 6. a3 Bf8 7. e4 d5 8. e5 Nfd7 9. h4 c5 10. Bg5 Qb6 11. cxd5 cxd4 12. Nxd4 exd5 13. Be2 Nxe5 14. Nxd5 Qc5 15. Nb5 Bg4 16. Ne3 Bxe2 17. Qxe2 a6 18. Nc3 Nbc6 19. O-O h6 20. Bxh6 Nd4 21. Qd1 Rad8 22. Ned5 Rxd5 23. Nxd5 Qxd5 24. Be3 Nef3+ 25. Kh1 Qe4 26. gxf3 Nxf3 27. Qd7 Ne5+ 0-1

[Event "Reykjavik Open 2025"]
[Site "Reykjavik, Iceland"]
[Date "2025.04.13"]
[Round "6.33"]
[White "Benavente, Christian"]
[Black "Petersen, Marcel"]
[Result "0-1"]
[WhiteElo "1938"]
[WhiteFideId "1636928"]
[BlackElo "2185"]
[BlackFideId "12935670"]
[TimeControl "90+30 +30 after 40 moves"]
[Variant "Standard"]
[ECO "D02"]
[Opening "Queen's Pawn Game: Symmetrical Variation"]
[StudyName "Round 6"]
1. d4 Nf6 2. Nf3 d5 3. c4 e6 4. Bf4 Bb4+ 5. Nbd2 O-O 6. e3 c5 7. dxc5 Bxc5 8. Be2 Nc6 9. O-O b6 10. Qc2 Bb7 11. Rfd1 Qe8 12. a3 Rc8 13. Rac1 a5 14. cxd5 Nxd5 15. Ng5 f5 16. Ndf3 Rd8 17. Nxe6 Qxe6 18. Ng5 Qg6 19. Qb3 Ne7 20. Rxc5 bxc5 21. Qxb7 Nxf4 22. exf4 Rxd1+ 23. Bxd1 h6 24. Bb3+ Kh8 25. Nf3 Qd6 26. Ne5 Kh7 27. h4 Rb8 28. Qf3 Ng6 0-1